 Dungeon Crawl Stone Soup version 0.31.0 (webtiles) character file.

Game seed: 5483713300714189687

120 qw the Shooter (level 5, 0/32 HPs)
             Began as a Gargoyle Hunter on Jan 19, 2024.
             Killed from afar by an orc wizard (6 damage)
             ... with a magic dart
             ... on level 3 of the Dungeon.
             The game lasted 00:00:08 (1735 turns).

qw the Shooter (Gargoyle Hunter)                    Turns: 1735, Time: 00:00:08

Health: 0/32       AC: 10    Str: 14    XL:     5   Next: 4%
Magic:  5/5        EV: 11    Int: 10    God:
Gold:   167        SH:  0    Dex: 15    Spells: 4/4 levels left

rFire   . . .        a - +1 shortbow
rCold   . . .        (shield currently unavailable)
rNeg    + . .        h - +0 ring mail
rPois   inf          d - +0 helmet
rElec   +            (no cloak)
rCorr   .            (no gloves)
SInv    .            (no boots)
Will    .....        (no amulet)
Stlth   +            (no ring)
HPRegen 0.25/turn    (no ring)
MPRegen 0.09/turn

%: no passive effects
@: no status effects
A: sickness immunity, AC +4, negative energy resistance 1, electricity
resistance, torment resistance 1, petrification resistance
a: no special abilities


You were on level 3 of the Dungeon.
You visited 1 branch of the dungeon, and saw 3 of its levels.

You collected 167 gold pieces.


Innate Abilities, Weirdness & Mutations

You are immune to sickness and miasma.
Your stone body is resilient. (AC +4)
You are immune to poison.
You resist negative energy. (rN+)
You are resistant to electric shocks. (rElec)
You are resistant to unholy torment.
You are immune to petrification.


   Skills:
 - Level 3.0 Fighting
 + Level 5.6 Ranged Weapons
 - Level 1.3 Armour
 - Level 1.5 Dodging
 - Level 1.1 Stealth


You had 4 spell levels left.
You didn't know any spells.
Your spell library was empty.

Inventory:

Hand Weapons
 a - a +1 shortbow (weapon)
Armour
 d - a +0 helmet (worn)
 h - a +0 ring mail (worn)
Scrolls
 b - a scroll of identify
Potions
 f - a potion of enlightenment

Dungeon Overview and Level Annotations

Branches:
Dungeon (3/15)

Altars:

Shops:
D:1 [


Message History

You shoot an arrow.
A magic dart appears from out of thin air!
The magic dart hits something.
Reactivating autopickup.
You feel a bit more experienced.
The orc wizard points at you and mumbles some strange words.
The puff of flame hits you!
You shoot an arrow. The arrow misses the orc wizard.
You shoot an arrow. The arrow misses the orc wizard.
The orc wizard gestures at you while chanting.
The magic dart hits you.
The orc wizard hits you with a +0 dagger.
You shoot an arrow. The arrow hits the orc wizard.
The orc wizard is almost dead.
The orc wizard closely misses you.
You shoot an arrow.
The arrow closely misses the orc wizard.
The orc wizard hits you with a +0 dagger.
You shoot an arrow. The arrow barely misses the orc wizard.
The orc wizard casts a spell at you. The puff of flame hits you!
You shoot an arrow. The arrow hits the orc wizard!
You kill the orc wizard!
You hear some strange, mumbled words.
Deactivating autopickup; reactivate with Ctrl-A.
Something tries to affect you, but you resist.
You have reached level 5!
1723 ||| FLEEEEING.
Something hits you but does no damage. Something hits you but does no damage.
Something hits you but does no damage.
You shoot an arrow. Something completely misses you.
1734 ||| FLEEEEING.
There is a stone staircase leading up here.
1735 ||| STAIRDANCE You hear some strange, mumbled words.
A magic dart appears from out of thin air!
The magic dart hits you.
You die...

#..# #(# #....#
##.). ##.###.#
####.# #..#.
#..%..# ###.#
##.##. ####..#
#...####...###
##.##
####.#......## #
#..###.........###
#..#...##.####..#
#..%.####.## ##.#
#....@{....# #)#
#..........# #..
#..........# ##.#
#..........# )?
#.########## #.#
#.# .# #.# .. ###


There were no monsters in sight!

Vanquished Creatures
  An orc wizard (D:3)
  2 adders (D:2)
  An orc (D:3)
  4 bats
  7 endoplasms
  5 goblins
  6 hobgoblins
  10 kobolds
  3 quokkas
  5 ball pythons
  3 frilled lizards
  6 rats
53 creatures vanquished.

Vanquished Creatures (others)
  An orc wizard (D:3)
1 creature vanquished.

Grand Total: 54 creatures vanquished

Notes
Turn   | Place    | Note
-------+----------+-------------------------------------------
     0 | D:1      | qw the Gargoyle Hunter began the quest for the Orb.
     0 | D:1      | Reached XP level 1. HP: 12/12 MP: 1/1
     0 | D:1      | 0 ||| qw: Version: 0.3-a-132-g3d54051
     0 | D:1      | 0 ||| qw: Game counter: 166
     0 | D:1      | 0 ||| qw: Melee chars always use a shield: true
     0 | D:1      | 0 ||| qw: God list: Okawaru
     0 | D:1      | 0 ||| qw: Allow faded altars: false
     0 | D:1      | 0 ||| qw: Do Orc after clearing Dungeon:15 true
     0 | D:1      | 0 ||| qw: Do second Lair branch before Depths: true
     0 | D:1      | 0 ||| qw: Lair rune preference: random
     0 | D:1      | 0 ||| qw: Goals: Normal
     0 | D:1      | 0 ||| PLANNING D:1-11
   130 | D:1      | Found Pofuem's Armour Emporium.
   132 | D:1      | 132 ||| SHOPLISTING +0 ring mail (48 gold, have 18).
   132 | D:1      | 132 ||| SHOPLISTING +0 ring mail of fire resistance (132
                  | gold, have 18).
   132 | D:1      | 132 ||| SHOPLISTING +2 robe of resistance (452 gold, have
                  | 18).
   147 | D:1      | Reached XP level 2. HP: 17/17 MP: 2/2
   654 | D:1      | 654 ||| UPGRADING to +0 helmet.
   659 | D:1      | 659 ||| UPGRADING to +0 ring mail.
   669 | D:1      | 669 ||| DROPPING +0 leather armour.
   670 | D:1      | 670 ||| READING scroll labelled YDODDAFYRCHA.
   771 | D:1      | 771 ||| READING scroll labelled JIUPNI UHOWAG.
   772 | D:1      | 772 ||| READING scroll labelled FAIKLO WEFADE.
   773 | D:1      | 773 ||| READING scroll labelled HUXEVE FUVORPH.
   773 | D:1      | 773 ||| IDENTIFYING bubbling red potion
   774 | D:1      | 774 ||| READING scroll labelled OFORIE GIRU.
   774 | D:1      | 774 ||| ENCHANTING +0 shortbow.
   775 | D:1      | 775 ||| READING scroll labelled GUFUSH UPROQ.
   778 | D:1      | 778 ||| DROPPING scroll of butterflies.
   793 | D:2      | Reached XP level 3. HP: 21/21 MP: 3/3
   823 | D:2      | Reached skill level 1 in Armour
   841 | D:2      | Reached skill level 5 in Ranged Weapons
  1200 | D:2      | Reached XP level 4. HP: 27/27 MP: 4/4
  1452 | D:2      | 1452 ||| DROPPING ring of flight.
  1598 | D:3      | Reached skill level 3 in Fighting
  1721 | D:3      | HP: 2/28 [orc wizard/puff of flame (10)]
  1723 | D:3      | Reached XP level 5. HP: 2/32 MP: 5/5
  1723 | D:3      | 1723 ||| FLEEEEING.
  1734 | D:3      | 1734 ||| FLEEEEING.
  1735 | D:3      | 1735 ||| STAIRDANCE
  1735 | D:3      | Killed from afar by an orc wizard

Levels and vault maps discovered:
D:1:      tarquinn_simple_flora_water_d, layout_basic, serial_shops,
          nicolae_shop_tiny_real_fake_doors
D:2:      layout_basic, minmay_heptomino_l4
D:3:      layout_rooms, nicolae_ru_path_of_blood, grunt_temple_overflow_open,
          lemuel_tele_altar

Skill      XL: |  1  2  3  4 |
---------------+-------------+-----
Armour         | 1 |  1.3
Ranged Weapons | 5 |  5.6
Fighting       | 3 |  3.0
Dodging        | |  1.5
Stealth        | |  1.1

Action                     |  1- 3 |  4- 6 || total
---------------------------+-------+-------++-------
   Fire: Shortbow          |    93 |    50 ||   143
    Use: Scroll            |     6 |       ||     6
 Armour: Leather armour    |    12 |       ||    12
         Ring mail         |    16 |    29 ||    45
  Dodge: Dodged            |    13 |    10 ||    23

Table legend:
 A = Non-vault XP
 B = Vault XP
 C = Vault XP percentage of total XP
 D = Non-vault monster count
 E = Vault monster count
 F = Vault count percentage of total count
                 A         B        C        D         E       F
            +---------+---------+-------+---------+---------+-------
      Total |     166 |       6 |   3.5 |      51 |       3 |   5.6
            +---------+---------+-------+---------+---------+-------
        D:1 |      33 |       0 |   0.0 |      20 |       0 |   0.0
        D:2 |      50 |       6 |  10.7 |      17 |       3 |  15.0
        D:3 |      83 |       0 |   0.0 |      14 |       0 |   0.0
            +---------+---------+-------+---------+---------+-------
